 Dungeon Crawl Stone Soup version 0.19.1-1-g22dce08 (webtiles) character file.

5173 McKennaii the Zephyrmancer (level 10, -1/60 HPs)
             Began as a High Elf Air Elementalist on Jan 12, 2017.
             Was a Believer of Sif Muna.
             Slain by an orc
             ... wielding a +0 dagger
              (3 damage)
             ... on level 10 of the Dungeon.
             The game lasted 00:33:09 (7218 turns).

McKennaii the Zephyrmancer (HEAE)                   Turns: 7218, Time: 00:33:09

Health: -1/60      AC:  7    Str:  7      XL:     10   Next: 34%
Magic:  24/24      EV: 13    Int: 25      God:    Sif Muna [**....]
Gold:   539        SH:  0    Dex: 16 (17) Spells: 4 memorised, 18 levels left

rFire  + . .     SeeInvis .     y - +2 falchion (slice)
rCold  . . .     Gourm    .     x - +0 troll leather armour {Purgy}
rNeg   . . .     Faith    .     (no shield)
rPois  .         Spirit   .     (no helmet)
rElec  .         Reflect  .     (no cloak)
rCorr  .         Harm     .     (no gloves)
MR     +....                    d - +0 pair of boots
Stlth  +++.......               h - amulet of magic regeneration
                                H - ring of Bodily Harmony {*Contam rF+ Int+3 Stlth+}
                                i - +2 ring of protection

@: about to teleport, drained
A: no striking features
a: Divine Energy, Renounce Religion


You were on level 10 of the Dungeon.
You worshipped Sif Muna.
Sif Muna was pleased with you.
You were hungry.

You visited 2 branches of the dungeon, and saw 12 of its levels.
You also visited: Sewer.

You collected 539 gold pieces.

Inventory:

Hand Weapons
 y - a +2 falchion of slicing (weapon)
Armour
 d - a +0 pair of boots (worn)
 x - a +0 troll leather armour (worn) {Purgy}
Jewellery
 h - an amulet of magic regeneration (around neck)
 i - a +2 ring of protection (left hand)
 B - an uncursed ring of flight
 H - the ring of Bodily Harmony (right hand) {*Contam rF+ Int+3 Stlth+}
   (You found it on level 8 of the Dungeon)

   [ring of stealth]

   It affects your intelligence (+3).
   It protects you from fire.
   It causes magical contamination when unequipped.
   It makes you more stealthy.
 N - a cursed -3 ring of evasion {unknown}
Wands
 a - a wand of polymorph (10/24)
 o - a wand of digging (5/24)
 E - a wand of slowing (31/48)
Scrolls
 e - 3 scrolls of enchant weapon
 g - 11 scrolls of identify
 j - a scroll of blinking {unknown}
 k - 4 scrolls of remove curse
 p - 2 scrolls of random uselessness
 q - 3 scrolls of amnesia
 z - a scroll of immolation {unknown}
 J - a scroll of noise {unknown}
 K - a scroll of torment {unknown}
 M - a scroll of magic mapping {unknown}
Potions
 l - 2 potions of berserk rage
 m - a potion of resistance {unknown}
 n - a potion of ambrosia {unknown}
 t - 2 potions of brilliance {unknown}
 u - a potion of invisibility {unknown}
 v - 2 potions of agility
 w - 2 potions of degeneration {unknown}
 C - 2 potions of flight {unknown}
 F - 2 potions of lignification {unknown}
 G - 2 potions of cancellation {unknown}
 L - a potion of haste {unknown}
Books
 b - a book of Air

   Spells                             Type                      Level
   a - Shock                          Conjuration/Air              1
   b - Swiftness                      Charms/Air                   2
   c - Repel Missiles                 Charms/Air                   2
   d - Static Discharge               Conjuration/Air              3
   e - Lightning Bolt                 Conjuration/Air              5
Comestibles
 c - 5 bread rations
 f - 2 meat rations
 D - a fruit
 I - a slice of pizza


   Skills:
 + Level 1.9(1.2) Fighting
 + Level 3.4(2.7) Long Blades
 + Level 3.1(2.5) Armour
 + Level 4.0(3.3) Dodging
 + Level 3.8(3.1) Stealth
 + Level 9.9(9.2) Spellcasting
 + Level 7.5(6.8) Conjurations
 + Level 0.2(0.0) Charms
 + Level 10.3(9.5) Air Magic


You had 18 spell levels left.
You knew the following spells:

 Your Spells              Type           Power        Failure   Level  Hunger
a - Shock                 Conj/Air       ####         1%          1    None
b - Swiftness             Chrm/Air       #####...     1%          2    None
c - Repel Missiles        Chrm/Air       #####.       1%          2    None
e - Lightning Bolt        Conj/Air       ######....   10%         5    ####...


Dungeon Overview and Level Annotations

Branches:
Dungeon (11/15)            Temple (1/1) D:7
   Lair: D:8-11         Orc: D:9-12

Altars:
Cheibriados
Dithmenos
Elyvilon
Fedhas
Kikubaaqudgha
Makhleb
Nemelex Xobeh
Sif Muna
Trog
Vehumet
Xom
Yredelemnul
Zin
The Shining One

Shops:
D:11 }

Annotations:
D:10 Dolanko's ghost, novice DrGl


Message History

Aim: a centaur, wielding a shortbow (severely wounded)
The zap hits the centaur.
You kill the centaur!
Sif Muna accepts your kill.
Your Dodging skill increases to level 4!
An orc comes into view. It is wielding a dagger.
The orc moves out of view.
The orc shouts!
An orc comes into view. It is wielding a flail.
The orc closely misses you. The orc hits you with a dagger.
An orc comes into view. It is wielding a mace of venom.
The orc shouts!
Dolanko's ghost breathes negative energy at you.
The bolt of negative energy hits you!
You feel drained.
Ouch! That really hurt!
* * * LOW HITPOINT WARNING * * *
As you read the scroll of teleportation, it crumbles to dust.
You feel strangely unstable. The orc hits you with a dagger.
You die...

#.#...W).(........###
#.#.##.#.............
#.#.##.##............
##.................##.
##..#.....#.....W...###
##########...W..##.......>...###
#............#..####..........##
#.............#......##.#####...
#......o..o...o@.....##...###..#
#.....................###..#....
#.....................####......
#######.................##......
#.......................#.
#.........................
#######........................W
#.....................(.....#...
#.######......#...[.............


You could see Dolanko's ghost and 2 orcs.

Vanquished Creatures
  A centaur skeleton (D:10)
  A hornet (D:8)
  A two-headed ogre (D:8)
  A meliai zombie (D:11)
  A hippogriff (D:8)
  A spriggan (D:7)
  Sigmund (D:3)
  A wraith (D:11)
  A yak (D:11)
  A wyvern (D:9)
  Eustachio (D:5)
  A hungry ghost (D:7)
  A soldier ant (D:9)
  An ice beast (D:7)
  Purgy (Sewer)
  An orc warrior (D:10)
  A phantom (D:7)
  3 ogres
  6 centaurs
  A crocodile (D:7)
  2 bullfrogs
  A water moccasin skeleton (D:9)
  3 scorpions
  4 killer bees (D:10)
  A howler monkey (D:8)
  4 crimson imps
  A jelly (D:9)
  A quasit (D:11)
  5 hounds
  4 orc priests
  4 orc wizards
  Jessica (D:2)
  A bullfrog skeleton (D:10)
  An iguana (D:6)
  7 worker ants
  A hound zombie (D:9)
  A hound skeleton (D:4)
  Robin (D:2)
  12 adders
  4 gnolls (D:6)
  A howler monkey skeleton (D:6)
  2 river rats (D:11)
  2 shadow imps
  3 oozes
  An adder skeleton (D:5)
  An adder zombie (D:9)
  4 worms
  4 dart slugs
  5 leopard geckos
  24 orcs
  13 bats
  7 giant cockroaches
  18 goblins
  9 hobgoblins
  9 jackals
  10 kobolds
  7 quokkas
  6 frilled lizards
  2 gnoll zombies (D:7)
  A jackal skeleton (D:5)
  17 rats
232 creatures vanquished.

Vanquished Creatures (others)
  An adder (D:10)
1 creature vanquished.

Grand Total: 233 creatures vanquished

Notes
Turn   | Place    | Note
-------+----------+-------------------------------------------
     0 | D:1      | McKennaii the High Elf Air Elementalist began the quest for the Orb.
     0 | D:1      | Reached XP level 1. HP: 11/11 MP: 4/4
   244 | D:1      | Reached XP level 2. HP: 17/17 MP: 2/6
   272 | D:1      | Reached skill level 4 in Air Magic
   295 | D:1      | Learned a level 2 spell: Swiftness
   298 | D:1      | Learned a level 2 spell: Repel Missiles
   422 | D:1      | Reached XP level 3. HP: 21/21 MP: 5/8
   578 | D:2      | Noticed Robin
   878 | D:2      | Killed Robin
   878 | D:2      | Reached XP level 4. HP: 11/27 MP: 2/9
   930 | D:2      | Noticed Jessica
   931 | D:2      | Killed Jessica
   956 | D:2      | Learned a level 3 spell: Static Discharge
  1130 | D:2      | Found a faded altar of an unknown god.
  1217 | D:3      | Found a bloodstained altar of Trog.
  1287 | D:3      | Reached skill level 5 in Air Magic
  1344 | D:3      | Reached XP level 5. HP: 31/31 MP: 7/11
  1392 | D:3      | Noticed Sigmund
  1421 | D:3      | Killed Sigmund
  1421 | D:3      | Reached XP level 6. HP: 35/36 MP: 5/13
  1952 | D:4      | Reached skill level 5 in Spellcasting
  2154 | D:4      | Reached skill level 6 in Air Magic
  2253 | D:4      | Found a glowing drain.
  2268 | Sewer    | Entered a sewer
  2351 | Sewer    | Noticed Purgy
  2356 | Sewer    | Killed Purgy
  2356 | Sewer    | Reached XP level 7. HP: 27/42 MP: 10/16
  2494 | D:4      | Found a sparkling altar of Nemelex Xobeh.
  3009 | D:4      | Learned a level 5 spell: Lightning Bolt
  3010 | D:5      | Entered Level 5 of the Dungeon
  3042 | D:5      | Reached skill level 1 in Armour
  3229 | D:5      | Noticed Eustachio
  3271 | D:5      | Killed Eustachio
  3271 | D:5      | Reached XP level 8. HP: 47/47 MP: 15/18
  3333 | D:5      | Reached skill level 7 in Air Magic
  3427 | D:5      | Found a white marble altar of Elyvilon.
  3609 | D:6      | Reached skill level 5 in Conjurations
  3674 | D:6      | Reached skill level 1 in Fighting
  3690 | D:6      | Found a shadowy altar of Dithmenos.
  4276 | D:7      | Reached skill level 1 in Long Blades
  4625 | D:7      | Reached skill level 8 in Air Magic
  4721 | D:7      | Found a staircase to the Ecumenical Temple.
  4747 | Temple   | Entered the Ecumenical Temple
  4760 | Temple   | Became a worshipper of Sif Muna the Loreminder
  4790 | D:7      | Found a basalt altar of Yredelemnul.
  4829 | D:7      | Reached XP level 9. HP: 53/53 MP: 15/21
  4851 | D:7      | Found a glowing golden altar of the Shining One.
  5137 | D:8      | Paralysed by a hornet for 1 turns
  5264 | D:8      | Got a crude copper ring
  5283 | D:8      | Identified the ring of Bodily Harmony {*Contam rF+ Int+3 Stlth+} (You found it on level 8 of the Dungeon)
  5405 | D:8      | Reached skill level 9 in Air Magic
  5601 | D:9      | Reached * piety under Sif Muna
  6312 | D:10     | Entered Level 10 of the Dungeon
  6414 | D:10     | Reached ** piety under Sif Muna
  6414 | D:10     | Reached XP level 10. HP: 56/59 MP: 17/24
  6468 | D:10     | Reached skill level 10 in Air Magic
  6569 | D:10     | Noticed Dolanko's ghost (novice DrGl)
  7071 | D:11     | Found Homunueg's Gadget Emporium.
  7154 | D:10     | HP: 3/60 [killer bee (6)]
  7217 | D:10     | HP: 1/60 [Dolanko's ghost/bolt of negative energy (37)]
  7218 | D:10     | Slain by an orc

Skill      XL: |  1  2  3  4  5  6  7  8  9 10 |
---------------+-------------------------------+-----
Air Magic      | 4 5 6 8 9 10 | 10.3
Spellcasting   | 3 4 5 6 7 9 |  9.9
Conjurations   | 2 3 4 5 6 7 |  7.5
Stealth        | 3 |  3.8
Dodging        | 3 4 |  4.0
Armour         | 1 2 3 |  3.1
Fighting       | 1 |  1.9
Long Blades    | 1 3 |  3.4
Charms         | |  0.2

Action                   |  1- 3 |  4- 6 |  7- 9 | 10-12 || total
-------------------------+-------+-------+-------+-------++-------
Melee: Unarmed           |    11 |     3 |       |       ||    14
       Falchion          |       |       |    28 |     2 ||    30
 Cast: Shock             |    87 |   142 |   370 |    88 ||   687
       Repel Missiles    |     1 |     1 |     1 |       ||     3
       Static Discharge  |       |     1 |       |       ||     1
       Lightning Bolt    |       |       |     4 |     6 ||    10
       Swiftness         |       |       |       |     1 ||     1
  Use: Scroll            |       |       |     2 |     7 ||     9
       Potion            |       |       |       |     5 ||     5
  Eat: Bread ration      |       |     1 |     1 |       ||     2
       Pizza             |       |     1 |       |     1 ||     2
       Meat ration       |       |       |     1 |       ||     1
       Fruit             |       |       |     4 |       ||     4
Armor: Robe              |    10 |     5 |       |       ||    15
       Troll leather arm |       |       |    34 |    20 ||    54
Dodge: Dodged            |    53 |    37 |    66 |    90 ||   246
       Deflected         |     1 |       |    11 |     4 ||    16
       Rpst.: Falchion   |       |       |    20 |    24 ||    44
